 Dungeon Crawl Stone Soup version 0.29-a0-25-g7f48f510a0 (webtiles) character file.

Game seed: 2998563107277403463

13 HallandMoats the Skirmisher (level 2, 19/19 HPs)
             Began as a Gargoyle Fighter on Feb 1, 2022.
             Was a Follower of Trog.
             Got out of the dungeon alive.
             The game lasted 00:00:44 (368 turns).

HallandMoats the Skirmisher (Gargoyle Fighter)       Turns: 368, Time: 00:00:45

Health: 19/19      AC: 11    Str: 19    XL:     2   Next: 37%
Magic:  2/2        EV:  9    Int:  8    God:    Trog [*.....]
Gold:   25         SH:  4    Dex:  9    Spells: 1/1 levels left

rFire   . . .      SeeInvis .   a - +0 flail
rCold   . . .      Faith    .   c - +0 buckler
rNeg    + . .      Spirit   .   b - +0 scale mail
rPois   ∞          Reflect  .   (no helmet)
rElec   +          Harm     .   (no cloak)
rCorr   .          Rampage  .   e - +1 pair of gloves
Will    .....                   (no boots)
Stlth   ..........              (no amulet)
HPRegen 0.06/turn               (no ring)
MPRegen 0.08/turn               (no ring)

@: no status effects
A: sickness immunity, AC +2, negative energy resistance 1, electricity
resistance, torment resistance 1, petrification resistance
a: Renounce Religion, Berserk


You escaped.
You worshipped Trog.
Trog was aware of your devotion.
You visited 1 branch of the dungeon, and saw 1 of its levels.

You collected 25 gold pieces.

Inventory:

Hand Weapons
 a - a +0 flail (weapon)
Armour
 b - a +0 scale mail (worn)
 c - a +0 buckler (worn)
 e - a +1 pair of gloves (worn)
Potions
 d - 3 potions of might
 f - a potion of curing {unknown}


   Skills:
 * Level 3.5 Fighting
 * Level 2.2 Maces & Flails
 + Level 3.3 Armour
 + Level 0.1 Dodging
 + Level 3.3 Shields
 * Level 0.8 Invocations


You had one spell level left.
You didn't know any spells.
Your spell library was empty.

Dungeon Overview and Level Annotations

Branches:
Dungeon (1/15)

Altars:
Trog


Innate Abilities, Weirdness & Mutations

You are immune to sickness and miasma.
Your stone body is resilient. (AC +2)
You are immune to poison.
You resist negative energy. (rN+)
You are resistant to electric shocks. (rElec)
You are resistant to unholy torment.
You are immune to petrification.


Message History

You kill the bat!
No target in view!
No target in view!
No target in view!
No target in view!
No target in view!
No target in view!
No target in view!
No target in view!
No target in view!
No target in view!
No target in view!
No target in view!
No target in view!
No target in view!
No target in view!
No target in view!
No target in view!
No target in view!
No target in view!
No target in view!
No target in view!
Why would you want to do that?
Found a falchion.
There is a faded altar of an unknown god here.
You cannot tell which god this altar belongs to.
Convert to them anyway?
Trog accepts your prayer! Trog welcomes you!
You can now go berserk at will.
Unknown command.
Press < or > to pray at altars.
(D) Dungeon
Where to? (? - help)
What level of the Dungeon? (default 1, ? - help)
You enter the shallow water.
Moving in this stuff is going to be slow.
There is a stone staircase leading down here.
There is a staircase leading out of the dungeon here.
Are you sure you want to leave the Dungeon?
This will make you lose the game!
You have escaped!

##.....#.#
#.....#.#
##.##.#.#
##...##.#
#.########...###.#
#.# ##8.8#.......#
#.# #.....[..#####
#.# #......#.#
#..##..8...#.# ##
#8...(..#.#
#@......#.#
#8......#.# ######
##..8...#.# #.....
#......#.# #.####
#......#.###.#
##8.8#.......#
#####.....#.#
#.#...##.####
...##.###.....


There were no monsters in sight!

Vanquished Creatures
  A bat (D:1)
  3 endoplasms (D:1)
  A giant cockroach (D:1)
  A goblin (D:1)
  2 hobgoblins (D:1)
  A ball python (D:1)
  A frilled lizard (D:1)
  A rat (D:1)
11 creatures vanquished.

Notes
Turn   | Place    | Note
-------+----------+-------------------------------------------
     0 | D:1      | HallandMoats the Gargoyle Fighter began the quest for the
                  | Orb.
     0 | D:1      | Reached XP level 1. HP: 14/14 MP: 1/1
   127 | D:1      | Reached XP level 2. HP: 19/19 MP: 2/2
   280 | D:1      | Found a faded altar of an unknown god.
   316 | D:1      | Prayed at the altar of an unknown god.
   316 | D:1      | Became a worshipper of Trog the Wrathful
   316 | D:1      | Reached * piety under Trog
   368 | D:$      | Got out of the dungeon alive.

Illustrated notes

Levels and vault maps discovered:
D:1:      mrwooster_arrival_statue_2, layout_loops_corners,
          chequers_ecumenical_altar_island

Action                   || total
-------------------------++-------
Melee: Flail             ||    28
Armor: Scale mail        ||    22
Dodge: Dodged            ||    16
Block: Buckler           ||    11

Table legend: (Time is in decaauts)
 A = Elapsed time spent in this place.
 B = Non-inter-level travel time spent in this place.
 C = Inter-level travel time spent in this place.
 D = Time resting spent in this place.
 E = Time spent auto-exploring this place.
 F = Levels seen in this place.
 G = Mean time per level.
                   A        B        C        D        E       F      G
               +--------+--------+--------+--------+--------+-----+--------+
         Total |    383 |    332 |     51 |      0 |    212 |   1 |  383.0 |
       Dungeon |    383 |    332 |     51 |      0 |    212 |   1 |  383.0 |
               +--------+--------+--------+--------+--------+-----+--------+

Top non-repeatable levels by time:
     D:1: 383 daAuts
